 Dungeon Crawl Stone Soup version 0.29.1-14-g9c671dbff4 (webtiles) character file.

Game seed: 11448502317889511860

88 Thatpatchoflichen the Shooter (level 4, -11/35 HPs)
             Began as a Human Hunter on Feb 17, 2023.
             Mangled by an ogre
             ... wielding a +0 giant spiked club
              (20 damage)
             ... on level 4 of the Dungeon.
             The game lasted 00:06:37 (2624 turns).

Thatpatchoflichen the Shooter (Human Hunter)        Turns: 2624, Time: 00:06:37

Health: -11/35     AC:  7    Str: 11    XL:     4   Next: 82%
Magic:  4/4        EV: 12    Int: 10    God:
Gold:   139        SH:  0    Dex: 18    Spells: 3/3 levels left

rFire   . . .      SeeInvis .   a - +0 shortbow
rCold   + . .      Faith    .   (shield currently unavailable)
rNeg    . . .      Spirit   .   c - +0 leather armour
rPois   .          Reflect  .   e - +2 helmet
rElec   .          Harm     .   d - +0 cloak
rCorr   .          Rampage  .   (no gloves)
Will    +....                   (no boots)
Stlth   ++........              (no amulet)
HPRegen 0.11/turn               f - ring of willpower
MPRegen 0.09/turn               q - ring of protection from cold

@: no status effects
A: no striking features
a: no special abilities


You were on level 4 of the Dungeon.
You visited 1 branch of the dungeon, and saw 4 of its levels.

You collected 139 gold pieces.

Inventory:

Hand Weapons
 a - a +0 shortbow (weapon)
Missiles
 g - 11 poisoned darts
 i - 2 throwing nets
 o - 2 atropa-tipped darts
Armour
 c - a +0 leather armour (worn)
 d - a +0 cloak (worn)
 e - a +2 helmet (worn)
Jewellery
 f - a ring of willpower (left hand)
 q - a ring of protection from cold (right hand)
 r - a +4 ring of protection
Scrolls
 b - a scroll of immolation
 h - a scroll of enchant armour {unknown}
 j - 3 scrolls of identify
 l - a scroll of teleportation {unknown}
 m - a scroll of poison {unknown}
 s - a scroll of noise {unknown}
Potions
 k - a potion of might
 n - a potion of heal wounds
 p - a potion of curing


   Skills:
 + Level 3.1 Fighting
 + Level 4.6 Ranged Weapons
 + Level 3.0 Dodging
 - Level 1.0 Stealth


You had 3 spell levels left.
You didn't know any spells.
Your spell library contained the following spells:

 Spells                   Type           Power      Damage    Failure   Level
 Necrotise                Necr           0%         1d4       45%         1
 Call Canine Familiar     Summ           0%         N/A       83%         3
 Dazzling Flash           Conj/Hex       0%         N/A       83%         3
 Portal Projectile        Hex/Tloc       0%         N/A       83%         3
 Vampiric Draining        Necr           0%         2d6       83%         3
 Iskenderun's Mystic Bla  Conj/Tloc      0%         2d3       99%         4
 Leda's Liquefaction      Hex/Erth       0%         N/A       99%         4
 Agony                    Necr           0%         N/A       100%        5
 Starburst                Conj/Fire      0%         6d3       100%        6


Dungeon Overview and Level Annotations

Branches:
Dungeon (4/15)
 Temple: D:4-7

Altars:
Elyvilon
Okawaru


Message History

You open the door.
There is an open door here.
s - a scroll labelled WIORIA GEAF An ogre comes into view.
It is wielding a +0 giant spiked club.
Fire: a) +0 shortbow
Press: ? - help, Q - select action, (/) - cycle Shift-Dir - straight line, f - ogre
Aim: an ogre, wielding a +0 giant spiked club (wandering, hasn't noticed you, 77% to hit)
You shoot an arrow. The arrow hits the ogre.
The ogre is moderately wounded.
Fire: a) +0 shortbow
Press: ? - help, Q - select action, (/) - cycle Shift-Dir - straight line, f/p - ogre
Aim: an ogre, wielding a +0 giant spiked club (moderately wounded, 77% to hit)
You shoot an arrow. The arrow hits the ogre.
The ogre is moderately wounded.
Unknown command.
Fire: a) +0 shortbow
Press: ? - help, Q - select action, (/) - cycle Shift-Dir - straight line, f/p - ogre
Aim: an ogre, wielding a +0 giant spiked club (moderately wounded, 77% to hit)
You shoot an arrow. The arrow hits the ogre.
The ogre is heavily wounded.
Unknown command.
Fire: a) +0 shortbow
Press: ? - help, Q - select action, (/) - cycle Shift-Dir - straight line, f/p - ogre
Aim: an ogre, wielding a +0 giant spiked club (heavily wounded, 77% to hit)
You shoot an arrow.
The arrow hits the ogre but does no damage.
The ogre is heavily wounded.
Fire: a) +0 shortbow
Press: ? - help, Q - select action, (/) - cycle Shift-Dir - straight line, f/p - ogre
Aim: an ogre, wielding a +0 giant spiked club (heavily wounded, 77% to hit)
You shoot an arrow. The arrow hits the ogre!
The ogre is severely wounded.
The ogre hits you with a +0 giant spiked club!!
Ouch! That really hurt!
* * * LOW HITPOINT WARNING * * *
The ogre attacks as you move away! The ogre barely misses you.
The ogre attacks as you move away!
The ogre hits you with a +0 giant spiked club!!
Ouch! That really hurt!
You die...

#.......####........
######.## #.....###
#.# ###.### #.# #.#
#.# #.# #.# #.# #.#
#.##### .#.#######.#
#...... .......@O..#
####### ############


You could see an ogre.

Vanquished Creatures
  5 adders
  3 worms
  A dart slug (D:2)
  An orc (D:2)
  3 endoplasms
  3 goblins
  5 hobgoblins
  3 ball pythons
  7 bats
  2 frilled lizards
  4 kobolds
37 creatures vanquished.

Notes
Turn   | Place    | Note
-------+----------+-------------------------------------------
     0 | D:1      | Thatpatchoflichen the Human Hunter began the quest for the
                  | Orb.
     0 | D:1      | Reached XP level 1. HP: 16/16 MP: 1/1
   226 | D:1      | Reached XP level 2. HP: 22/22 MP: 2/2
   736 | D:2      | Found a white marble altar of Elyvilon.
   824 | D:2      | Reached XP level 3. HP: 28/28 MP: 3/3
  1046 | D:2      | Found a faded altar of an unknown god.
  1156 | D:2      | You fall into a shaft and drop 1 floor!
  1921 | D:3      | Found an iron altar of Okawaru.
  1930 | D:3      | Reached XP level 4. HP: 30/34 MP: 4/4
  2602 | D:4      | Noticed an ogre
  2624 | D:4      | Mangled by an ogre

Illustrated notes

Levels and vault maps discovered:
D:1:      lemuel_arrival_river_ford, layout_rooms
D:2:      layout_basic, shapermc_ecumenical_altar_notcrosses, basic_altar,
          minmay_misc_feat_five
D:3:      layout_rooms, okawaru_ov_weapons_minmay, serial_corexii_hall,
          corexii_hall_statues_x, chequers_hall_statues_y, serial_shops,
          nicolae_shop_behind_doors
D:4:      layout_loops_corners, nicolae_overflow_hidden_temple,
          kennysheep_generic_room_3, uniq_natasha

Skill      XL: |  1  2  3  4 |
---------------+-------------+-----
Fighting       | 3 |  3.1
Dodging        | 3 |  3.0
Ranged Weapons | |  4.6
Stealth        | |  1.0

Action                   |  1- 3 |  4- 6 || total
-------------------------+-------+-------++-------
 Fire: Shortbow          |    87 |    49 ||   136
  Use: Scroll            |       |     3 ||     3
Armor: Leather armour    |    15 |     6 ||    21
Dodge: Dodged            |    29 |    23 ||    52
